 Dungeon Crawl Stone Soup version 0.28.0-47-ge53b351184 (webtiles) character file.

Game seed: 7894847533555861510

630 Kangaroobicon the Chopper (level 7, 0/85 HPs)
             Began as a Palentonga Fighter on Apr 26, 2022.
             Was a Believer of Uskayaw.
             Slain by Sverke's ghost (9 damage)
             ... on level 4 of the Dungeon.
             The game lasted 00:28:05 (3409 turns).

Kangaroobicon the Chopper (Palentonga Fighter)      Turns: 3409, Time: 00:28:06

Health: 0/85       AC: 23    Str: 25    XL:     7   Next: 24%
Magic:  7/7        EV:  1    Int:  8    God:    Uskayaw [**....]
Gold:   282        SH:  4    Dex: 12    Spells: 6/6 levels left

rFire   . . .      SeeInvis +   a - +0 war axe
rCold   . . .      Faith    .   c - +0 buckler
rNeg    . . .      Spirit   .   (armour currently unavailable)
rPois   +          Reflect  .   (helmet currently unavailable)
rElec   .          Harm     .   (cloak currently unavailable)
rCorr   .          Rampage  .   (gloves currently unavailable)
Will    .....      NoTele   +   (no barding)
Stlth   ++........              r - amulet of regeneration
HPRegen 1.04/turn               l - +6 ring of strength
MPRegen 0.10/turn               (no ring)

@: tree-form
A: stationary, stasis, torment immunity, boosted hp, large, rugged brown scales
3, see invisible, (deformed body), (roll 1), (armoured tail), (reflexive curl)
a: Renounce Religion, Stomp, Line Pass


You were on level 4 of the Dungeon.
You worshipped Uskayaw.
Uskayaw was noncommittal.
You were a tree.
You visited 1 branch of the dungeon, and saw 4 of its levels.

You collected 282 gold pieces.

Inventory:

Hand Weapons
 a - a +0 war axe (weapon)
 d - a +0 vorpal hand axe
 x - a +1 vorpal halberd
 C - a +1 whip of flaming
Missiles
 y - 3 poisoned darts
Armour
 c - a +0 buckler (worn)
 f - a +0 pair of gloves (melded)
 t - a +0 plate armour (melded)
Magical Staves
 i - a staff of fire
 o - a staff of conjuration
Jewellery
 l - a +6 ring of strength (left branch)
 r - an amulet of regeneration (around neck)
Scrolls
 b - a scroll of teleportation {unknown}
 e - 2 scrolls of enchant armour {unknown}
 g - a scroll of identify {unknown}
 h - 2 scrolls of fog {unknown}
 j - a scroll of brand weapon {unknown}
 m - a scroll of acquirement {unknown}
 n - 2 scrolls of enchant weapon {unknown}
 s - 2 scrolls of noise {unknown}
 u - a scroll of vulnerability {unknown}
 v - a scroll of amnesia {unknown}
 w - a scroll of torment {unknown}
Potions
 k - a potion of curing {unknown}
 p - a potion of haste {unknown}
 q - a potion of magic {unknown}
 z - a potion of flight {unknown}
 A - a potion of mutation {unknown}
 B - a potion of attraction {unknown}


   Skills:
 + Level 4.0 Fighting
 + Level 5.5 Axes
 + Level 3.8 Armour
 + Level 1.3 Dodging
 + Level 1.5 Stealth
 + Level 2.8 Shields


You had 6 spell levels left.
You didn't know any spells.
Your spell library was empty.

Dungeon Overview and Level Annotations

Branches:
Dungeon (4/15)             Temple (0/1) D:4

Altars:
Kikubaaqudgha
Qazlal
Ru
Sif Muna
Trog
Uskayaw
Wu Jian

Shops:
D:4 [[

Annotations:
D:4 Sverke's ghost, novice FoFi


Innate Abilities, Weirdness & Mutations

You are a tree.
Your roots penetrate the ground, keeping you stationary.
You cannot be teleported.
You are immune to unholy pain and torment.
Your maximum health is greatly increased.
Your equipment is partially melded.
(You are completely covered in rugged brown scales. (AC +3, +7% HP))
You have supernaturally acute eyesight. (SInv)
((Armour fits poorly on your strangely shaped body.))
((You can roll at nearby foes to attack.))
((You have a long armoured tail.))
((You curl defensively after being hit. (AC +7*)))


Message History

You slash Sverke's ghost!
You tail-slap Sverke's ghost, but do no damage.
Sverke's ghost is heavily damaged.
Sverke's ghost hits you.
You can now pass through a line of other dancers.
You hit Sverke's ghost but do no damage.
You tail-slap Sverke's ghost.
Sverke's ghost is heavily damaged.
You block Sverke's ghost's attack.
You hit Sverke's ghost but do no damage.
Sverke's ghost is heavily damaged.
Sverke's ghost hits you!
You hit Sverke's ghost but do no damage.
Sverke's ghost is heavily damaged.
Sverke's ghost hits you.
* * * LOW HITPOINT WARNING * * *
Sverke's ghost hits you!
* * * LOW HITPOINT WARNING * * *
It was a potion of lignification.
You turn into a tree.
Your +0 pair of gloves melds into your body.
Your +0 plate armour melds into your body.
Your roots penetrate the ground.
Sverke's ghost hits you but does no damage.
You hit Sverke's ghost.
Sverke's ghost is severely damaged.
You block Sverke's ghost's attack.
You hit Sverke's ghost.
Sverke's ghost is severely damaged.
Sverke's ghost completely misses you.
You hit Sverke's ghost but do no damage.
Sverke's ghost is severely damaged.
Sverke's ghost hits you but does no damage.
You block Sverke's ghost's attack.
You hit Sverke's ghost but do no damage.
Sverke's ghost is severely damaged.
You block Sverke's ghost's attack.
You closely miss Sverke's ghost.
Sverke's ghost is severely damaged.
Sverke's ghost hits you!
You die...

........# #####.# #......####.
###'##### #.############ ## #.#
#........## ###'#### ###.......##
## .......# ##...###...## #.
.......# ###...##⌠##...#####.
.......#### #....##...##........
..........# #...##..!..##...###[
####....#.# #..♣W...♣..⌠#...# #.
#....#.# #...##..?..##...# #.
####......# #....##...##...'####
.........## ###...##⌠##......# #
.........# #####....###.......# #
###'###..###.....#.......>....# #
..#...8#.......####...........###
...#...#...#.#.# #..#+.......'..
..#....#.......#####.##....<..###


You could see Sverke's ghost.

Vanquished Creatures
  Eustachio (D:4)
  A scorpion (D:4)
  A water moccasin skeleton (D:4)
  A hound (D:4)
  An iguana (D:4)
  A howler monkey zombie (D:4)
  4 adders
  15 gnolls (D:4)
  A shadow imp (D:4)
  3 dart slugs
  7 orcs
  A ball python (D:4)
  6 bats
  10 endoplasms
  5 giant cockroaches
  12 goblins
  10 hobgoblins
  9 jackals
  8 kobolds
  4 quokkas
  3 frilled lizards
  7 rats
111 creatures vanquished.

Notes
Turn   | Place    | Note
-------+----------+-------------------------------------------
     0 | D:1      | Kangaroobicon the Palentonga Fighter began the quest for
                  | the Orb.
     0 | D:1      | Reached XP level 1. HP: 19/19 MP: 1/1
   122 | D:1      | Reached XP level 2. HP: 15/25 MP: 2/2
   809 | D:1      | Reached XP level 3. HP: 31/31 MP: 3/3
  1001 | D:2      | Found a shimmering blue altar of Sif Muna.
  1407 | D:2      | Reached skill level 3 in Axes
  1407 | D:2      | Reached XP level 4. HP: 17/37 MP: 4/4
  1777 | D:3      | Found a stormy altar of Qazlal.
  1777 | D:3      | Found a bloodstained altar of Trog.
  1782 | D:3      | Found a faded altar of an unknown god.
  1788 | D:3      | Found an ornate altar of the Wu Jian Council.
  1789 | D:3      | Found an ancient bone altar of Kikubaaqudgha.
  2011 | D:3      | Found a faded altar of an unknown god.
  2156 | D:3      | Found a sacrificial altar of Ru.
  2177 | D:3      | Reached skill level 1 in Dodging
  2496 | D:4      | Reached XP level 5. HP: 35/43 MP: 5/5
  2529 | D:4      | Reached skill level 4 in Axes
  2574 | D:4      | Found a hide-covered altar of Uskayaw.
  2589 | D:4      | Became a worshipper of Uskayaw the Reveller
  2644 | D:4      | Found a staircase to the Ecumenical Temple.
  2653 | D:4      | Reached * piety under Uskayaw
  2655 | D:4      | Reached ** piety under Uskayaw
  2659 | D:4      | Reached *** piety under Uskayaw
  2703 | D:4      | Reached XP level 6. HP: 51/51 MP: 6/6
  2780 | D:4      | Reached **** piety under Uskayaw
  2802 | D:4      | Noticed Eustachio
  2829 | D:4      | Killed Eustachio
  2830 | D:4      | Reached skill level 5 in Axes
  2830 | D:4      | Reached skill level 1 in Stealth
  2830 | D:4      | Gained mutation: You curl defensively after being hit. (AC
                  | +7*) [Palentonga growth]
  2830 | D:4      | Reached XP level 7. HP: 43/56 MP: 7/7
  2840 | D:4      | Reached ***** piety under Uskayaw
  3043 | D:4      | Found Ziuth's Armour Shoppe.
  3091 | D:4      | Noticed Sverke's ghost (novice FoFi)
  3094 | D:4      | Found a runed translucent door.
  3175 | D:4      | Found Yfifocrac's Armour Shoppe.
  3403 | D:4      | HP: 1/57 [Sverke's ghost (12)]
  3409 | D:4      | Slain by Sverke's ghost

Illustrated notes

Levels and vault maps discovered:
D:1:      dpeg_arrival_oval, layout_loops_corners, kennysheep_another_room,
          minmay_heptomino_d4
D:2:      layout_loops_ring, basic_altar
D:3:      layout_basic, mainiacjoe_overflow_24_doors,
          chequers_temple_overflow_minitemple,
          hellmonk_ecumenical_altar_prayer_group
D:4:      layout_basic, nicolae_uskayaw_suspiria, minmay_temple_entry_hall,
          serial_shops, kennysheep_mini, shop, hellmonk_ghost_happy_afterlife,
          minivault_1, minmay_misc_feat_columns, uniq_eustachio

Skill      XL: |  1  2  3  4  5  6  7 |
---------------+----------------------+-----
Armour         | 3 |  3.8
Axes           | 3 4 5 |  5.5
Dodging        | 1 |  1.3
Stealth        | 1 |  1.5
Fighting       | 4 |  4.0
Shields        | |  2.8

Action                   |  1- 3 |  4- 6 |  7- 9 || total
-------------------------+-------+-------+-------++-------
Melee: War axe           |    91 |   149 |    40 ||   280
       Tailslap          |     6 |    25 |     7 ||    38
  Use: Potion            |       |     1 |     1 ||     2
 Stab: Paralysed         |       |     5 |       ||     5
Armor: Scale mail        |    44 |    35 |       ||    79
       Plate armour      |       |    72 |    16 ||    88
       Skin              |       |       |     2 ||     2
Dodge: Dodged            |    34 |    44 |    10 ||    88
Block: Buckler           |    20 |    37 |     9 ||    66
